 Dungeon Crawl Stone Soup version 0.25-a0-949-gdd2af9e06e (webtiles) character file.

Game seed: 4567276510127032230, levelgen mode: deterministic

105836 Flugslaktarn the Severer (level 15, 0/139 HPs)
             Began as a Minotaur Fighter on May 8, 2020.
             Was the Champion of Qazlal.
             Slain by an orc warrior
             ... wielding a +1 trident of flaming
              (16 damage)
             ... while paralysed by an orc sorcerer
             ... on level 2 of the Orcish Mines.
             The game lasted 00:15:00 (25102 turns).

Flugslaktarn the Severer (Minotaur Fighter)        Turns: 25102, Time: 00:15:01

Health: 0/139      AC: 29    Str: 22    XL:     15   Next: 95%
Magic:  21/21      EV:  2    Int:  5    God:    Qazlal [******]
Gold:   1891       SH:  0    Dex: 22    Spells: 14/14 levels left

rFire    . . .     SeeInvis .   f - +2 hand axe (elec)
rCold    + . .     Gourm    .   P - +1 kite shield
rNeg     . . .     Faith    .   R - +1 chain mail of the Game of Kings {Dex+4}
rPois    +         Spirit   .   j - +2 hat
rElec    .         Reflect  .   b - +1 cloak of Ewomij {Dex+3}
rCorr    .         Harm     .   O - +2 pair of gloves
MR       +....                  J - +2 pair of boots
Stlth    ..........             N - amulet of the acrobat
HPRegen  0.33/turn              o - ring of poison resistance
MPRegen  0.17/turn              c - ring of protection from cold

@: paralysed, protected from physical damage, repel missiles
A: retaliatory headbutt, horns 2
a: Upheaval, Elemental Force, Disaster Area, Renounce Religion


You were on level 2 of the Orcish Mines.
You worshipped Qazlal.
Qazlal was exalted by your worship.
You were not hungry.

You visited 4 branches of the dungeon, and saw 24 of its levels.
You also visited: Ice Cave.

You collected 1891 gold pieces.

Inventory:

Hand Weapons
 a - a +1 war axe
 f - a +2 hand axe of electrocution (weapon)
   (You took it off an orc on level 11 of the Dungeon)
Missiles
 L - 3 throwing nets (quivered)
Armour
 b - the +1 cloak of Ewomij (worn) {Dex+3}
   (You found it on level 5 of the Dungeon)

   It affects your dexterity (+3).
 j - a +2 hat (worn)
   (You found it on level 3 of the Dungeon)
 I - +0 ice dragon scales
   (You found it on level 2 of the Lair of Beasts)
 J - a +2 pair of boots (worn)
   (You found it on level 13 of the Dungeon)
 O - a +2 pair of gloves (worn)
   (You found it on level 4 of the Lair of Beasts)
 P - a +1 kite shield (worn)
 R - the +1 chain mail of the Game of Kings (worn) {Dex+4}
   (You found it on level 14 of the Dungeon)

   It affects your dexterity (+4).
Jewellery
 c - a ring of protection from cold (right hand)
   (You found it on level 13 of the Dungeon)
 i - an uncursed ring of see invisible
   (You found it on level 11 of the Dungeon)
 k - an uncursed ring of resist corrosion
   (You found it on level 2 of the Lair of Beasts)
 o - a ring of poison resistance (left hand)
   (You found it on level 5 of the Lair of Beasts)
 N - an amulet of the acrobat (around neck)
   (You found it on level 6 of the Lair of Beasts)
Wands
 v - a wand of digging (12)
   (You found it on level 6 of the Dungeon)
 B - a wand of paralysis (32)
   (You found it on level 2 of the Dungeon)
 C - a wand of acid (17)
   (You found it on level 3 of the Dungeon)
 H - a wand of iceblast (3)
   (You found it on level 3 of the Lair of Beasts)
Scrolls
 g - 2 scrolls of fog
 l - 4 scrolls of enchant weapon
 m - 4 scrolls of fear
 t - 7 scrolls of teleportation
 u - 3 scrolls of immolation
 x - 7 scrolls of remove curse
 y - 3 scrolls of holy word
 z - 2 scrolls of blinking
 E - a scroll of magic mapping
 G - a scroll of enchant armour
 Q - a scroll of brand weapon
Potions
 d - 3 potions of might
 h - 3 potions of haste
 n - a potion of resistance
 p - 7 potions of flight
 q - 9 potions of curing
 w - 4 potions of heal wounds
 A - a potion of cancellation
 D - 2 potions of lignification
 F - a potion of berserk rage
 K - 2 potions of mutation
 M - a potion of magic
Comestibles
 e - 42 rations


   Skills:
 + Level 14.3 Fighting
 + Level 16.3 Axes
 + Level 14.5 Armour
 + Level 10.3 Dodging
 + Level 14.4 Shields
 - Level 10.0 Invocations
 - Level 5.0 Evocations


You had 14 spell levels left.
You didn't know any spells.
Your spell library was empty.

Dungeon Overview and Level Annotations

Branches:
Dungeon (15/15)            Temple (1/1) D:5            Lair (6/6) D:8
 Shoals (0/4) Lair:4        Snake (0/4) Lair:2        Slime (0/5) Lair:6
    Orc (2/2) D:12         Vaults (0/5) D:13         Depths (0/5) D:15
  IceCv (visited)
    Elf: Orc:2

Altars:
Ashenzari
Cheibriados
Dithmenos
Elyvilon
Fedhas
Gozag
Hepliaklqana
Kikubaaqudgha
Makhleb
Nemelex Xobeh
Okawaru
Qazlal
Ru
Sif Muna
Trog
Uskayaw
Vehumet
Wu Jian
Xom
Yredelemnul
Zin
The Shining One
Beogh

Shops:
D:5 }   D:7 (:*%   D:13 %   Orc:2 (


Innate Abilities, Weirdness & Mutations

You reflexively headbutt those who attack you in melee.
You have a pair of horns on your head.


Message History

The orc high priest hits you but does no damage.
An orc warrior comes into view. It is wielding a +0 battleaxe.
The orc sorcerer is engulfed in freezing vapours.
The orc warrior hits you with a +0 war axe.
* * * LOW HITPOINT WARNING * * *
You feel protected from physical attacks.
The orc warrior hits you but does no damage.
The orc warrior hits you from afar with a +0 trident.
* * * LOW HITPOINT WARNING * * *
The orc warlord hits you but does no damage.
An orc warrior comes into view. It is wielding a +0 dire flail.
The orc sorcerer is engulfed in blazing flames.
The orc sorcerer hits you but does no damage.
The orc high priest is engulfed in blazing flames.
The orc high priest invokes the aid of Beogh against you.
Pain shoots through your body!
* * * LOW HITPOINT WARNING * * *
An orc warrior comes into view. It is wielding a +0 battleaxe.
The orc warrior hits you from afar with a +1 trident of flaming!
You die...

.............##
..P...........#
.PP...∩........#
.........P......
...P.P834.P.....
##...oooo°......
.....§o○o.......
...oP°o@○......#
......○......$.#
.....○☼.<....##
............##
o..T...T....#
...........##
.o........##
o........##
.........#


You could see an orc warlord, an orc high priest, 2 trolls, a sixfirhy, an orc
sorcerer, a red devil and 8 orc warriors.

Vanquished Creatures
  Kirke (Lair:5)
  A frost giant (IceCv)
  Harold (D:7)
  An ice dragon (Lair:2)
  4 vault guards (D:13)
  7 hydras
  2 catoblepae
  2 centaur warriors (D:13)
  16 two-headed ogres
  2 ogre magi (D:15)
  6 death yaks
  2 orc high priests
  A fire crab (Lair:6)
  2 wizards (D:15)
  2 unseen horrors
  2 orc knights
  2 orc sorcerers
  A necromancer (D:15)
  A deep elf mage (D:15)
  A lindwurm (Lair:4)
  2 wolf spider zombies
  15 ugly things
  2 cyclopes
  2 manticores
  6 elephants (Lair:6)
  7 black mambas
  2 ice statues
  Psyche (D:9)
  5 centaur skeletons
  2 kobold demonologists (D:12)
  A yaktaur (D:11)
  14 spiny frogs
  Maggie (D:7)
  4 rime drakes
  A rime drake (shapeshifter) (D:14)
  7 komodo dragons
  A queen bee (Lair:4)
  25 polar bears
  5 trolls
  3 meliai (Lair:4)
  A wolf spider simulacrum (D:15)
  6 hornets (Lair:6)
  Prince Ribbit (D:7)
  4 hippogriffs
  A dream sheep (Lair:6)
  24 blink frogs
  14 spriggans
  2 wraiths
  A vampire (D:15)
  A shadow (D:13)
  5 wyverns
  Eustachio (D:5)
  A human (Lair:5)
  4 hogs (Lair:5)
  31 yaks
  5 basilisks
  A steam dragon (Lair:4)
  6 nagas (Lair:2)
  3 wargs (Orc:1)
  3 vampire mosquitoes (D:12)
  16 water moccasins
  A porcupine (shapeshifter) (D:15)
  A swamp drake (D:12)
  15 orc warriors
  11 ice beasts
  13 porcupines
  A swamp drake (shapeshifter) (D:14)
  5 sky beasts
  8 black bears
  6 boggarts
  3 phantoms
  8 ogres
  2 centaurs
  51 wolves
  7 big kobolds
  10 crocodiles
  17 bullfrogs
  A wyvern zombie (D:8)
  2 wyvern skeletons
  8 scorpions
  A hornet simulacrum (D:15)
  40 killer bees
  A wight (D:11)
  8 howler monkeys
  3 electric eels
  8 crimson imps
  3 bullfrog zombies
  3 centaur zombies
  12 hounds
  3 jellies
  32 orc wizards
  A bullfrog skeleton (D:9)
  6 iguanas
  16 orc priests
  12 hell rats (Lair:2)
  13 worker ants
  A killer bee zombie (D:8)
  A hound zombie (D:7)
  A hound skeleton (D:8)
  A worker ant zombie (D:11)
  25 adders
  8 gnolls
  A river rat (Lair:4)
  6 shadow imps
  2 white imps (Lair:2)
  2 oozes (D:1)
  An adder zombie (D:8)
  6 worms
  A dart slug (D:3)
  6 leopard geckos
  71 orcs
  7 giant cockroaches
  6 goblins
  4 hobgoblins
  10 jackals
  21 kobolds
  2 quokkas
  A ball python (D:1)
  6 bats
  8 frilled lizards
  A jackal zombie (D:8)
  A leopard gecko skeleton (D:6)
  A quokka skeleton (D:8)
  7 rats
  2 fungi (Lair:5)
  2 plants
838 creatures vanquished.

Vanquished Creatures (others)
  2 polar bears (IceCv)
  2 humans
  36 fungi
  29 plants
69 creatures vanquished.

Grand Total: 907 creatures vanquished

Notes
Turn   | Place    | Note
-------+----------+-------------------------------------------
     0 | D:1      | Flugslaktarn the Minotaur Fighter began the quest for the
                  | Orb.
     0 | D:1      | Reached XP level 1. HP: 19/19 MP: 0/0
   168 | D:1      | Reached XP level 2. HP: 26/27 MP: 1/1
   213 | D:1      | Reached skill level 3 in Axes
   481 | D:1      | Reached XP level 3. HP: 29/33 MP: 2/2
   943 | D:2      | Reached XP level 4. HP: 40/40 MP: 3/3
  1101 | D:2      | Found a shimmering blue altar of Sif Muna.
  1407 | D:2      | You fall into a shaft and drop 2 floors!
  1421 | D:4      | Reached skill level 4 in Axes
  1610 | D:4      | Reached XP level 5. HP: 40/47 MP: 4/4
  2037 | D:4      | Reached skill level 5 in Axes
  2049 | D:4      | Reached XP level 6. HP: 42/55 MP: 5/5
  2124 | D:4      | Reached skill level 5 in Fighting
  2152 | D:4      | Reached skill level 5 in Armour
  2152 | D:4      | Reached skill level 5 in Shields
  2415 | D:3      | Reached skill level 6 in Axes
  2424 | D:3      | Reached XP level 7. HP: 60/61 MP: 6/6
  3338 | D:5      | Entered Level 5 of the Dungeon
  3369 | D:5      | Found Dedilurr's Gadget Shoppe.
  3378 | D:5      | Got a jewelled cloak
  3384 | D:5      | Identified the +1 cloak of Ewomij {Dex+3} (You found it on
                  | level 5 of the Dungeon)
  3535 | D:5      | Reached skill level 1 in Evocations
  3592 | D:5      | Found a staircase to the Ecumenical Temple.
  3619 | D:5      | Reached skill level 7 in Axes
  3623 | Temple   | Entered the Ecumenical Temple
  3831 | Temple   | Became a worshipper of Qazlal Stormbringer
  3898 | D:5      | Reached XP level 8. HP: 70/70 MP: 8/8
  4189 | D:5      | Noticed Eustachio
  4199 | D:5      | Killed Eustachio
  4199 | D:5      | Reached skill level 1 in Invocations
  4549 | D:6      | Reached skill level 8 in Axes
  5587 | D:7      | Reached XP level 9. HP: 78/78 MP: 10/10
  5611 | D:7      | Found a white marble altar of Elyvilon.
  5647 | D:7      | Found Gaskoomuabb's Food Shoppe.
  5682 | D:7      | Reached * piety under Qazlal
  5789 | D:7      | Noticed Harold
  5807 | D:7      | Killed Harold
  5807 | D:7      | Reached skill level 9 in Axes
  6347 | D:7      | Found Daan's Book Shoppe.
  6358 | D:7      | Noticed Prince Ribbit
  6383 | D:7      | Killed Prince Ribbit
  6505 | D:7      | Found Afoqergh's General Store.
  6553 | D:7      | Reached skill level 10 in Axes
  6633 | D:7      | Reached XP level 10. HP: 88/88 MP: 12/12
  6639 | D:7      | Found Vuroi's Antique Weapon Shop.
  6639 | D:7      | Found Jophakoh's Assorted Antiques.
  6798 | D:7      | Noticed Maggie
  6815 | D:7      | Killed Maggie
  7067 | D:8      | Reached ** piety under Qazlal
  7845 | D:8      | Found a staircase to the Lair.
  8267 | D:9      | Reached skill level 11 in Axes
  8341 | D:9      | Reached *** piety under Qazlal
  8356 | D:9      | Reached skill level 5 in Evocations
  8589 | D:9      | Reached skill level 5 in Invocations
  8833 | D:9      | Noticed Psyche
  8839 | D:9      | Killed Psyche
  9036 | D:10     | Entered Level 10 of the Dungeon
  9162 | D:10     | Reached XP level 11. HP: 62/95 MP: 13/13
  9557 | D:10     | Found an ancient bone altar of Kikubaaqudgha.
  9725 | D:11     | Reached **** piety under Qazlal
 10170 | D:11     | Noticed a red ugly thing
 10181 | D:11     | Killed a red ugly thing
 10181 | D:11     | Reached skill level 12 in Axes
 10323 | D:11     | Noticed a brown ugly thing
 10335 | D:11     | Killed a brown ugly thing
 10516 | D:11     | Identified the +2 great mace of Diruuf {drain, rF+ rN+
                  | Int-2}
 10516 | D:11     | Noticed an orc knight
 10563 | D:11     | Killed an orc knight
 10647 | D:11     | Killed an unseen horror
 11096 | D:12     | Noticed a two-headed ogre
 11106 | D:12     | Killed a two-headed ogre
 11106 | D:12     | Reached skill level 10 in Shields
 11125 | D:12     | Reached ***** piety under Qazlal
 11135 | D:12     | Reached skill level 10 in Armour
 11144 | D:12     | Reached skill level 10 in Fighting
 11193 | D:12     | Noticed a two-headed ogre
 11198 | D:12     | Reached skill level 13 in Axes
 11205 | D:12     | Killed a two-headed ogre
 11215 | D:12     | Reached XP level 12. HP: 95/106 MP: 14/16
 11361 | D:12     | Noticed a two-headed ogre
 11366 | D:12     | Killed a two-headed ogre
 11366 | D:12     | Reached skill level 1 in Dodging
 11466 | D:12     | Found a staircase to the Orcish Mines.
 12467 | Lair:1   | Entered Level 1 of the Lair of Beasts
 12716 | Lair:1   | Noticed a death yak
 12721 | Lair:1   | Noticed a death yak
 12725 | Lair:1   | Noticed a death yak
 12726 | Lair:1   | Noticed a death yak
 12729 | Lair:1   | Killed a death yak
 12730 | Lair:1   | Noticed a death yak
 12738 | Lair:1   | Killed a death yak
 12745 | Lair:1   | Killed a death yak
 12749 | Lair:1   | Killed a death yak
 12766 | Lair:1   | Killed a death yak
 13866 | Lair:2   | Found a staircase to the Snake Pit.
 13939 | Lair:2   | Noticed an ice dragon
 13976 | Lair:2   | Killed an ice dragon
 13976 | Lair:2   | Reached XP level 13. HP: 45/116 MP: 4/18
 15408 | Lair:3   | Reached skill level 5 in Dodging
 15425 | Lair:3   | Reached skill level 14 in Axes
 15441 | Lair:3   | You fall into a shaft and drop 3 floors!
 15441 | Lair:6   | Entered Level 6 of the Lair of Beasts
 15458 | Lair:5   | Noticed Kirke
 15612 | Lair:5   | Killed Kirke
 17222 | Lair:4   | Reached XP level 14. HP: 57/126 MP: 19/19
 17572 | Lair:4   | Found a staircase to the Shoals.
 19405 | Lair:6   | Reached skill level 15 in Axes
 19921 | Lair:6   | Reached ****** piety under Qazlal
 20098 | Lair:6   | Reached skill level 10 in Invocations
 20444 | Lair:6   | Found a staircase to the Slime Pits.
 21687 | D:13     | Reached XP level 15. HP: 136/136 MP: 21/21
 21744 | D:13     | Found a gate to the Vaults.
 21922 | D:13     | Found Plog's Food Boutique.
 22195 | D:14     | Found a basalt altar of Yredelemnul.
 22816 | D:14     | Got a heavily runed chain mail
 22827 | D:14     | Identified the cursed +1 chain mail of the Game of Kings
                  | {Dex+4} (You found it on level 14 of the Dungeon)
 22864 | D:15     | Entered Level 15 of the Dungeon
 23055 | D:15     | Found a frozen archway.
 23106 | IceCv    | Entered an ice cave
 23192 | IceCv    | Reached skill level 16 in Axes
 23500 | IceCv    | Noticed a frost giant
 23504 | IceCv    | Reached skill level 10 in Dodging
 23515 | IceCv    | Killed a frost giant
 24225 | D:15     | Found a staircase to the Depths.
 24596 | Orc:1    | Entered Level 1 of the Orcish Mines
 24901 | Orc:1    | Found a roughly hewn altar of Beogh.
 25089 | Orc:2    | Entered Level 2 of the Orcish Mines
 25089 | Orc:2    | Found Myehum's Antique Weapon Shop.
 25089 | Orc:2    | Noticed an orc warlord
 25099 | Orc:2    | Paralysed by an orc sorcerer for 7 turns
 25102 | Orc:2    | Slain by an orc warrior

Levels and vault maps discovered:
D:1:      onia_arrival_pyramid, layout_rooms, minmay_tromino_mix6
D:2:      layout_basic, old_standard_altar
D:3:      layout_rooms, first_ration
D:4:      layout_basic, hangedman_feature_mirror
D:5:      layout_loops_ring, minmay_temple_entry_ruins, serial_shops,
          nicolae_shop_stone, uniq_eustachio
D:6:      layout_basic, minmay_manual_mail
D:7:      layout_loops_ring, basic_altar, serial_shops, nicolae_shop_waterfront,
          shop_statue, shop_fountains, nicolae_shop_behind_doors,
          nicolae_shop_crystal, the_bakery, chequers_serial_rivers_micro_d,
          uniq_prince_ribbit1, uniq_maggie, uniq_harold
D:8:      layout_layer_cave, grunt_lair_entry_orc_guard_hut, minmay_checkerbox
D:9:      layout_irregular_city, uniq_psyche
D:10:     layout_rooms, tgw_kikubaaqudgha
D:11:     layout_irregular_city, minmay_mirror_moons_of_madness
D:12:     layout_basic, erik_orc_1
D:13:     layout_irregular_city, lightli_vaults_fourway_checkpoint,
          serial_shops, nicolae_shop_statue_plus, minmay_misc_feat_enclosed
D:14:     layout_roguey, corexii_hall_statues_l, basic_altar
D:15:     grunt_enter_depths_magical_seal, layout_cave_pools,
          grunt_decor_resistance, portal_ice_cave_entry_animals_and_master
Temple:   kilobyte_greek_temple
Lair:1:   layout_regular_city, grunt_megastairs_2
Lair:2:   layout_cellular_growth, minmay_snake_entry_guardpost_large,
          ice2_lemuel
Lair:3:   layout_roguey, nicolae_quartered_pool_medium
Lair:4:   regret_index_tunnel_blossom, layout_gridlike,
          minmay_shoals_entry_beasts, serial_bayou_shore_b
Lair:5:   minmay_lair_venomous_thicket, layout_regular_city,
          cheibrodos_lair_reptile_den, uniq_kirke
Lair:6:   minmay_lair_end_enchanted_forest, layout_gridlike, slime_dummy,
          chequers_serial_rivers_large_b, ldierk_geyser,
          gammafunk_lair_bear_cave
Orc:1:    layout_diamond_mine, basic_altar, nicolae_orc_lava_room
Orc:2:    grunt_orc_gardens, layout_diamond_mine, grunt_orc_garden,
          grunt_orc_garden, grunt_orc_garden, grunt_orc_garden, serial_shops,
          nicolae_shop_window_shopping, ebering_ghost_reflecting_pool

Skill      XL: |  1  2  3  4  5  6  7  8  9 10 11 12 13 14 15 |
---------------+----------------------------------------------+-----
Axes           | 3 4 5 6 7 8 10 11 13 14 15 16 | 16.3
Fighting       | 4 5 6 7 8 10 11 12 13 14 | 14.3
Armour         | 4 5 6 7 8 10 11 12 13 14 | 14.5
Shields        | 4 5 6 7 9 10 11 12 13 14 | 14.4
Evocations     | 1 2 4 5 |  5.0
Invocations    | 2 3 5 6 8 9 10 | 10.0
Dodging        | 4 6 8 10 | 10.3

Action                   |  1- 3 |  4- 6 |  7- 9 | 10-12 | 13-15 || total
-------------------------+-------+-------+-------+-------+-------++-------
Melee: War axe           |    97 |   108 |   335 |   317 |       ||   857
       Headbutt          |     9 |    18 |    67 |   165 |   409 ||   668
       Hand axe          |       |       |       |   353 |  1404 ||  1757
Invok: Upheaval          |       |       |       |     3 |    14 ||    17
Evoke: Wand              |       |       |       |     1 |     1 ||     2
  Use: Scroll            |       |     6 |     6 |     3 |    20 ||    35
       Potion            |       |     1 |       |     4 |     2 ||     7
 Stab: Petrifying        |       |       |       |       |     1 ||     1
       Petrified         |       |       |       |       |     1 ||     1
       Distracted        |       |       |       |       |     1 ||     1
  Eat: Chunk             |       |     5 |    11 |    14 |    12 ||    42
       Ration            |       |       |     1 |     3 |     7 ||    11
Armor: Scale mail        |    60 |    21 |       |       |       ||    81
       Chain mail        |       |    38 |   148 |   175 |    61 ||   422
       Ice dragon scales |       |       |       |       |   217 ||   217
Dodge: Dodged            |    38 |    23 |    59 |    89 |   299 ||   508
       Repelled          |       |       |       |     1 |     8 ||     9
Block: Kite shield       |    56 |    59 |   218 |   487 |  1097 ||  1917

Table legend:
 A = Non-vault XP
 B = Vault XP
 C = Vault XP percentage of total XP
 D = Non-vault monster count
 E = Vault monster count
 F = Vault count percentage of total count
                 A         B        C        D         E       F
            +---------+---------+-------+---------+---------+-------
      Total |   90398 |   60797 |  40.2 |     557 |     276 |  33.1
            +---------+---------+-------+---------+---------+-------
        D:1 |      64 |       5 |   7.2 |      27 |       3 |  10.0
        D:2 |      50 |       0 |   0.0 |      12 |       0 |   0.0
        D:3 |     180 |       0 |   0.0 |      27 |       0 |   0.0
        D:4 |     522 |      73 |  12.3 |      28 |       4 |  12.5
        D:5 |     721 |     208 |  22.4 |      27 |       1 |   3.6
        D:6 |     742 |     136 |  15.5 |      17 |       5 |  22.7
        D:7 |    1565 |    1860 |  54.3 |      27 |       4 |  12.9
        D:8 |    1909 |     727 |  27.6 |      40 |       9 |  18.4
        D:9 |    1298 |     395 |  23.3 |      16 |       1 |   5.9
       D:10 |    1981 |       0 |   0.0 |      31 |       0 |   0.0
       D:11 |    3505 |    2388 |  40.5 |      32 |       7 |  17.9
       D:12 |    5749 |     575 |   9.1 |      34 |      17 |  33.3
       D:13 |    5580 |    6861 |  55.1 |      16 |      12 |  42.9
       D:14 |    8352 |       0 |   0.0 |      22 |       0 |   0.0
       D:15 |   14106 |    6270 |  30.8 |      23 |      16 |  41.0
     Lair:1 |    8003 |    1093 |  12.0 |      23 |       6 |  20.7
     Lair:2 |    2521 |    3509 |  58.2 |      22 |      17 |  43.6
     Lair:3 |    3022 |       0 |   0.0 |      14 |       0 |   0.0
     Lair:4 |    5029 |    7880 |  61.0 |      24 |      55 |  69.6
     Lair:5 |    9481 |    5491 |  36.7 |      26 |      22 |  45.8
     Lair:6 |   11252 |    9935 |  46.9 |      32 |      49 |  60.5
      Orc:1 |    4650 |       0 |   0.0 |      36 |       0 |   0.0
      Orc:2 |     116 |    1497 |  92.8 |       1 |       2 |  66.7
      IceCv |       0 |   11894 | 100.0 |       0 |      46 | 100.0
            +---------+---------+-------+---------+---------+-------
